 Dungeon Crawl Stone Soup version 0.22-a0-75-g1fede22 (webtiles) character file.

102 shenanigans the Skirmisher (level 4, -1/38 HPs)
             Began as a Barachi Monk on Jan 12, 2018.
             Slain by an adder (4 damage)
             ... on level 2 of the Dungeon.
             The game lasted 00:03:40 (2642 turns).

shenanigans the Skirmisher (Barachi Monk)           Turns: 2642, Time: 00:03:41

Health: -1/38      AC:  3    Str: 12    XL:     4   Next: 78%
Magic:  4/4        EV: 14    Int: 12    God:
Gold:   98         SH:  0    Dex: 14    Spells: 3/3 levels left

rFire    . . .     SeeInvis .   a - +0 hand axe
rCold    . . .     Gourm    .   (no shield)
rNeg     . . .     Faith    .   b - +0 robe
rPois    .         Spirit   .   (no helmet)
rElec    .         Reflect  .   m - +0 cloak
rCorr    .         Harm     .   (no gloves)
MR       .....                  (no boots)
Stlth    ++........             (no amulet)
HPRegen  0.12/turn              (no ring)
MPRegen  0.09/turn              (no ring)

@: lethally poisoned (-1 -> -4), slow
A: +LOS, swims, slowness 1, strong legs 1
a: Hop


You were on level 2 of the Dungeon.
You were hungry.

You visited 1 branch of the dungeon, and saw 2 of its levels.

You collected 98 gold pieces.

Inventory:

Hand Weapons
 a - a +0 hand axe (weapon)
Missiles
 k - 4 tomahawks (quivered)
Armour
 b - a +0 robe (worn)
 m - a +0 cloak (worn)
Scrolls
 e - a scroll of immolation {unknown}
 f - a scroll of blinking {unknown}
 g - a scroll of amnesia {unknown}
 h - a scroll of identify {unknown}
 i - 2 scrolls of magic mapping {unknown}
 n - a scroll of noise {unknown}
 o - a scroll of fog {unknown}
Potions
 d - 2 potions of curing
 j - a potion of berserk rage
 l - a potion of heal wounds {unknown}
Comestibles
 c - 5 rations


   Skills:
 + Level 4.5 Fighting
 + Level 4.0 Axes
 + Level 2.3 Armour
 + Level 4.1 Dodging
 - Level 1.7 Stealth


You had 3 spell levels left.
You didn't know any spells.

Dungeon Overview and Level Annotations

Branches:
Dungeon (2/15)

Altars:
Dithmenos
Ru
Xom


Innate Abilities, Weirdness & Mutations

Shadows flee at your approach. (+LOS)
You can swim through water.
You cover ground slowly.
You can hop short distances.


Message History

* * * LOW HITPOINT WARNING * * *
The bullfrog zombie hits you but does no damage.
You hit the bullfrog zombie.
The bullfrog zombie is severely damaged.
The bullfrog zombie misses you.
You hit the bullfrog zombie.
The bullfrog zombie is almost destroyed.
The bullfrog zombie barely misses you. The bullfrog zombie closely misses you.
You closely miss the bullfrog zombie.
The bullfrog zombie is almost destroyed.
You miss the adder. The adder bites you.
* * * LOW HITPOINT WARNING * * *
You are lethally poisoned!
The adder poisons you!
The bullfrog zombie completely misses you.
* * * LOW HITPOINT WARNING * * *
You feel sick. The adder barely misses you. x2
The bullfrog zombie hits you but does no damage.
The adder bites you.
You die...

.. .# .#
#.# #####.#
#.# ..[#.#
#.#
######.#.#
#.#
#.....Z..#
#.#
...####S###
#.# #@# #.#
#.# #.# #.#
###.#
#.####...#
#....>...#
######...##
##...#
#.#.#
###.#.###


You could see an adder and a bullfrog zombie.

Vanquished Creatures
  5 adders (D:2)
  An ooze (D:1)
  2 dart slugs
  3 leopard geckos
  An orc (D:2)
  5 bats
  3 giant cockroaches
  5 goblins
  7 hobgoblins
  4 jackals (D:2)
  2 kobolds
  2 quokkas (D:2)
  A ball python (D:1)
  A frilled lizard (D:1)
  A rat (D:1)
43 creatures vanquished.

Notes
Turn   | Place    | Note
-------+----------+-------------------------------------------
     0 | D:1      | shenanigans the Barachi Monk began the quest for the Orb.
     0 | D:1      | Reached XP level 1. HP: 18/18 MP: 1/1
   164 | D:1      | Reached XP level 2. HP: 4/25 MP: 2/2
   486 | D:1      | Reached skill level 1 in Armour
  1005 | D:1      | Reached XP level 3. HP: 30/30 MP: 3/3
  1625 | D:2      | Reached XP level 4. HP: 10/37 MP: 4/4
  2556 | D:2      | Found a shadowy altar of Dithmenos.
  2557 | D:2      | Found a sacrificial altar of Ru.
  2558 | D:2      | Found a shimmering altar of Xom.
  2642 | D:2      | Slain by an adder

Vault maps used:
D:1:      minmay_arrival_doors
D:2:      gammafunk_temple_overflow_forgotten

Skill      XL: |  1  2  3  4 |
---------------+-------------+-----
Armour         | 1 2 |  2.3
Fighting       | 4 |  4.5
Dodging        | 4 |  4.1
Axes           | 4 |  4.0
Stealth        | |  1.7

Action                   |  1- 3 |  4- 6 || total
-------------------------+-------+-------++-------
Melee: Hand axe          |   139 |    75 ||   214
  Use: Potion            |     3 |       ||     3
 Stab: Sleeping          |     2 |     2 ||     4
  Eat: Chunk             |     2 |       ||     2
       Ration            |       |     1 ||     1
Armor: Robe              |    29 |    15 ||    44
Dodge: Dodged            |   144 |    59 ||   203

Table legend:
 A = Spawn XP
 B = Non-spawn XP
 C = Spawn XP percentage of total XP
 D = Spawn monster count
 E = Non-spawn monster count
 F = Spawn count percentage of total count
 G = Total turns spent on level
                    A         B        C        D         E        F      G
               +---------+---------+-------+---------+---------+-------+---------
         Total |       0 |     147 |   0.0 |       0 |      43 |   0.0 |  2642
               +---------+---------+-------+---------+---------+-------+---------
           D:1 |       0 |      48 |   0.0 |       0 |      23 |   0.0 |  1325
           D:2 |       0 |      99 |   0.0 |       0 |      20 |   0.0 |  1317
               +---------+---------+-------+---------+---------+-------+---------
